 Dungeon Crawl Stone Soup version 0.24.0-10-g970556be89 (webtiles) character file.

Game seed: 8839884979291900613, levelgen mode: deterministic

54 Masnef the Magician (level 3, -1/26 HPs)
             Began as a Draconian Wizard on Nov 3, 2019.
             Slain by a hobgoblin
             ... wielding a +0 club
              (8 damage)
             ... on level 2 of the Dungeon.
             The game lasted 00:05:15 (1463 turns).

Masnef the Magician (Draconian Wizard)              Turns: 1463, Time: 00:05:15

Health: -1/26      AC:  7    Str:  9    XL:     3   Next: 66%
Magic:  1/7        EV: 12    Int: 19    God:
Gold:   55         SH:  0    Dex:  9    Spells: 0/8 levels left

rFire    . . .     SeeInvis .     - Unarmed
rCold    . . .     Gourm    .   (no shield)
rNeg     . . .     Faith    .   (armour unavailable)
rPois    .         Spirit   .   e - +2 hat
rElec    .         Reflect  .   (no cloak)
rCorr    .         Harm     .   (no gloves)
MR       .....                  (no boots)
Stlth    ++........             (no amulet)
HPRegen  0.08/turn              (no ring)
MPRegen  0.10/turn              (no ring)

@: no status effects
A: unfitting armour, cold-blooded, AC +5
a: no special abilities


You were on level 2 of the Dungeon.
You were very hungry.

You visited 1 branch of the dungeon, and saw 2 of its levels.

You collected 55 gold pieces.

Inventory:

Armour
 a - a +0 hat
 e - a +2 hat (worn)
Scrolls
 d - a scroll of magic mapping {unknown}
 f - a scroll of immolation {unknown}
 g - a scroll of random uselessness {unknown}
 h - a scroll of remove curse {unknown}
 i - a scroll of identify {unknown}
 j - a scroll of enchant armour {unknown}
Potions
 k - a potion of mutation {unknown}
Comestibles
 c - 4 rations


   Skills:
 * Level 2.0 Dodging
 + Level 1.9 Stealth
 * Level 1.6 Unarmed Combat
 + Level 3.1 Spellcasting
 + Level 2.0 Conjurations
 + Level 1.4 Summonings
 + Level 1.1 Translocations
 * Level 0.1 Air Magic
 * Level 0.4 Poison Magic


You couldn't memorise any spells.
You knew the following spells:

 Your Spells              Type           Power        Failure   Level  Hunger
a - Magic Dart            Conj           ##..         7%          1    None
b - Blink                 Tloc           N/A          14%         2    ##.....
c - Call Imp              Summ           #.......     13%         2    ##.....
d - Mephitic Cloud        Conj/Pois/Air  #.......     30%         3    ###....

Your spell library contained the following spells:

 Spells                   Type           Power        Failure   Level  Hunger
 Slow                     Hex            #.......     22%         2    ##.....
 Conjure Flame            Conj/Fire      #.......     30%         3    ###....


Dungeon Overview and Level Annotations

Branches:
Dungeon (2/15)

Altars:

Annotations:
D:2 Sigmund


Innate Abilities, Weirdness & Mutations

Your plain brown scales are hard. (AC +5)
You cannot fit into any form of body armour.
You are cold-blooded and may be slowed by cold attacks.


Message History

Aim: a hobgoblin, wielding a +0 club and wearing a +0 chain mail (severely wounded)
The magic dart hits the hobgoblin but does no damage.
The hobgoblin is severely wounded.
You barely miss the hobgoblin.
The hobgoblin is severely wounded.
The hobgoblin hits you but does no damage.
You hit the hobgoblin.
The hobgoblin is almost dead.
The hobgoblin hits you with a +0 club.
You barely miss the hobgoblin. Your punch misses the hobgoblin.
The hobgoblin is almost dead.
The hobgoblin hits you with a +0 club.
* * * LOW HITPOINT WARNING * * *
You closely miss the hobgoblin.
The hobgoblin is almost dead.
The hobgoblin completely misses you.
You barely miss the hobgoblin.
The hobgoblin is almost dead.
The hobgoblin hits you with a +0 club!
You die...

#. ..# .....## .. #.
#..# ... . ... #.
#..# ....##... #.
#..#####.#....r.
#.##..#...........#
#.....#.###%#.#
#.<....r..r...#
#.#...#g###.##.....
#.#...#@# #.# ....
##.#...#.# #)# >>.
##..<...#.# #.# ..
........#.###.####...
#.
##...................
#.#
#...#.######.#######
#.....#...# #.#
#.###...### #.# #.#
##.# #.#


You could see a hobgoblin and a rat.

Vanquished Creatures
  2 oozes (D:1)
  A worm (D:2)
  A dart slug (D:1)
  A leopard gecko (D:2)
  A ball python (D:2)
  5 goblins
  6 hobgoblins
  A quokka (D:2)
  6 bats
  2 frilled lizards
  8 kobolds (D:1)
  4 rats (D:1)
38 creatures vanquished.

Notes
Turn   | Place    | Note
-------+----------+-------------------------------------------
     0 | D:1      | Masnef the Draconian Wizard began the quest for the Orb.
     0 | D:1      | Reached XP level 1. HP: 14/14 MP: 4/4
    94 | D:1      | Reached skill level 1 in Unarmed Combat
   122 | D:1      | Reached XP level 2. HP: 12/20 MP: 0/6
   141 | D:1      | Learned a level 2 spell: Blink
   144 | D:1      | Learned a level 2 spell: Call Imp
   635 | D:1      | Reached XP level 3. HP: 25/26 MP: 2/7
  1037 | D:2      | Noticed Sigmund
  1347 | D:2      | Learned a level 3 spell: Mephitic Cloud
  1463 | D:2      | Slain by a hobgoblin

Levels and vault maps discovered:
D:1:      minmay_arrival_four_circles, layout_basic, nrook_uturn
D:2:      layout_loops_ring, uniq_sigmund

Skill      XL: |  1  2  3 |
---------------+----------+-----
Unarmed Combat | 1 |  1.6
Conjurations   | 2 |  2.0
Dodging        | 2 |  2.0
Stealth        | |  1.9
Spellcasting   | |  3.1
Summonings     | |  1.4
Translocations | |  1.1
Air Magic      | |  0.1
Poison Magic   | |  0.4

Action                   || total
-------------------------++-------
Melee: Unarmed           ||   142
       Tailslap          ||    12
 Cast: Magic Dart        ||    54
       Call Imp          ||     3
       Blink             ||     1
 Stab: Sleeping          ||     3
  Eat: Chunk             ||     1
Armor: Skin              ||    53
Dodge: Dodged            ||   102
